 Dungeon Crawl Stone Soup version 0.19-a0-197-gddc32c1 (webtiles) character file.

2533 Senshi the Cleaver (level 9, -21/84 HPs)
             Began as a Minotaur Fighter on May 23, 2016.
             Was a Believer of Makhleb.
             Demolished by a komodo dragon (26 damage)
             ... on level 8 of the Dungeon.
             The game lasted 00:07:18 (5815 turns).

Senshi the Cleaver (Minotaur Fighter)               Turns: 5815, Time: 00:07:19

Health: -21/84     AC: 16    Str: 29    XL:     9   Next: 30%
Magic:  8/8        EV:  7    Int:  5    God:    Makhleb [**....]
Gold:   261        SH:  0    Dex: 10    Spells: 0 memorised, 8 levels left

rFire  + . .     SeeInvis .     y - +2 battleaxe (freeze)
rCold  + . .     Gourm    .     A - +0 plate armour
rNeg   . . .     Faith    .     (shield currently unavailable)
rPois  .         Spirit   .     (helmet restricted)
rElec  .         Dismiss  .     (no cloak)
rCorr  .         Reflect  .     c - +1 pair of gloves
SustAt .         Harm     .     v - +2 pair of boots
MR     .....                    (no amulet)
Stlth  ..........               s - ring of protection from cold
                                r - ring of protection from fire

@: mighty, not resistant to hostile enchantments, extremely unstealthy
A: retaliatory headbutt, horns 2
a: Minor Destruction, Renounce Religion


You were on level 8 of the Dungeon.
You worshipped Makhleb.
Makhleb was pleased with you.
You were not hungry.

You visited 2 branches of the dungeon, and saw 9 of its levels.

You collected 261 gold pieces.

Inventory:

Hand Weapons
 y - a +2 battleaxe of freezing (weapon)
Armour
 c - a +1 pair of gloves (worn)
 v - a +2 pair of boots (worn)
 A - a +0 plate armour (worn)
Rods
 C - a +0 iron rod (13/13)
   (You found it on level 7 of the Dungeon)
Jewellery
 r - a ring of protection from fire (left hand)
 s - a ring of protection from cold (right hand)
 u - an uncursed ring of teleportation
 G - an uncursed ring of flight
Wands
 x - a wand of flame (27/48)
 D - a wand of lightning (5/15)
Scrolls
 g - 3 scrolls of teleportation
 h - 3 scrolls of recharging
 l - 2 scrolls of enchant weapon
 m - 2 scrolls of magic mapping
 q - 4 scrolls of enchant armour
 t - 6 scrolls of identify
 w - a scroll of amnesia
Potions
 d - a potion of might
 e - 2 potions of ambrosia
 i - 3 potions of cure mutation {unknown}
 j - 2 potions of agility
 k - a potion of haste {unknown}
 n - 5 potions of curing
 o - a potion of degeneration {unknown}
 p - a potion of magic {unknown}
 z - a potion of flight {unknown}
 B - a potion of heal wounds {unknown}
 E - a potion of mutation {unknown}
 H - a potion of brilliance {unknown}
Comestibles
 a - a slice of pizza
 b - a beef jerky
 f - 11 bread rations
 F - 9 chunks of flesh
 I - a meat ration
 J - a royal jelly


   Skills:
 + Level 9.5 Fighting
 * Level 12.2 Axes
 - Level 3.6 Armour
   Level 3.6 Shields


You had 8 spell levels left.
You didn't know any spells.

Dungeon Overview and Level Annotations

Branches:
Dungeon (8/15)             Temple (1/1) D:5            Lair (0/8) D:8

Altars:
Cheibriados
Dithmenos
Elyvilon
Fedhas
Gozag
Kikubaaqudgha
Makhleb
Okawaru
Pakellas
Qazlal
Sif Muna
Trog
Vehumet
Xom
Zin


Innate Abilities, Weirdness & Mutations

You reflexively headbutt those who attack you in melee.
You have a pair of horns on your head.


Message History

You closely miss the crocodile. The crocodile barely misses you.
The komodo dragon bites you!! The crocodile bites you!
You are too injured to fight recklessly!
Unknown command.
You are too injured to fight recklessly!
Okay, then.
Drink which item? (? for menu, Esc to quit)
You feel very mighty all of a sudden. The komodo dragon bites you!!
* * * LOW HITPOINT WARNING * * *
The crocodile bites you but does no damage.
You barely miss the komodo dragon. Your headbutt misses the komodo dragon.
The komodo dragon is moderately wounded.
Your plate armour prevents you from hitting the crocodile.
The komodo dragon bites you!!
* * * LOW HITPOINT WARNING * * *
The crocodile bites you.
* * * LOW HITPOINT WARNING * * *
The komodo dragon bites you!!
You die...

## ### #.### ##
#.######..### #>#
......###.#.# ..#
###.........#####..# #
###....)....[.@t.#.# #
#####........l.....#
#####.##.....#......
###....##.#...#....#..
#.#.######.###..###.##
##..# ## .## # #### ##
## ###.# ##


You could see a komodo dragon and a crocodile.

Vanquished Creatures
  2 komodo dragons (D:8)
  A spriggan (D:7)
  A steam dragon (D:8)
  Edmund (D:6)
  An ice beast (D:8)
  2 orc warriors
  A necrophage (D:6)
  A centaur (D:7)
  A crocodile (D:8)
  A giant frog (D:7)
  A scorpion (D:5)
  A howler monkey (D:5)
  A crimson imp (D:8)
  A centaur zombie (D:5)
  A centaur skeleton (D:4)
  A hound (D:5)
  5 orc wizards
  3 orc priests
  Terence (D:3)
  3 iguanas
  8 worker ants
  A hound skeleton (D:4)
  A worker ant zombie (D:7)
  5 gnolls
  9 adders
  A shadow imp (D:7)
  An adder zombie (D:5)
  4 worms
  4 dart slugs
  3 giant geckos
  20 orcs
  5 giant cockroaches
  4 goblins
  6 hobgoblins (D:2)
  2 jackals (D:1)
  10 kobolds
  10 quokkas
  6 bats
  6 giant newts
  12 rats
148 creatures vanquished.

Notes
Turn   | Place    | Note
--------------------------------------------------------------
     0 | D:1      | Senshi the Minotaur Fighter began the quest for the Orb.
     0 | D:1      | Reached XP level 1. HP: 19/19 MP: 0/0
   251 | D:1      | Reached XP level 2. HP: 23/27 MP: 1/1
   252 | D:1      | Reached skill level 3 in Axes
   829 | D:1      | Reached XP level 3. HP: 30/33 MP: 2/2
   940 | D:1      | Reached skill level 4 in Axes
  1074 | D:2      | Reached XP level 4. HP: 30/41 MP: 3/3
  1206 | D:2      | Found a white marble altar of Elyvilon.
  1217 | D:2      | Found an iron altar of Okawaru.
  1386 | D:2      | Reached skill level 5 in Axes
  1956 | D:3      | Found a shimmering altar of Xom.
  2130 | D:3      | Noticed Terence
  2136 | D:3      | Killed Terence
  2136 | D:3      | Reached skill level 5 in Fighting
  2136 | D:3      | Reached XP level 5. HP: 48/48 MP: 4/4
  2651 | D:4      | Reached skill level 6 in Axes
  2710 | D:4      | Reached XP level 6. HP: 48/56 MP: 5/5
  2936 | D:4      | Reached skill level 7 in Axes
  3012 | D:5      | Entered Level 5 of the Dungeon
  3050 | D:5      | Found a staircase to the Ecumenical Temple.
  3097 | Temple   | Entered the Ecumenical Temple
  3226 | Temple   | Became a worshipper of Makhleb the Destroyer
  3258 | D:5      | Found an oddly glowing altar of Pakellas.
  3412 | D:5      | Found a bloodstained altar of Trog.
  3475 | D:5      | Reached XP level 7. HP: 56/64 MP: 6/6
  3706 | D:5      | Reached skill level 8 in Axes
  4282 | D:6      | Reached skill level 9 in Axes
  4285 | D:6      | Reached * piety under Makhleb
  4418 | D:6      | Found a glowing silver altar of Zin.
  4418 | D:6      | Noticed an angel
  4568 | D:6      | Noticed Edmund
  4579 | D:6      | Killed Edmund
  4579 | D:6      | Reached XP level 8. HP: 68/73 MP: 7/7
  4589 | D:6      | Found a stormy altar of Qazlal.
  4912 | D:7      | Reached skill level 10 in Axes
  4957 | D:7      | Found a deep blue altar of Sif Muna.
  5028 | D:7      | Found an ancient bone altar of Kikubaaqudgha.
  5432 | D:8      | Reached skill level 11 in Axes
  5451 | D:8      | Reached ** piety under Makhleb
  5533 | D:8      | Noticed a komodo dragon
  5540 | D:8      | Killed a komodo dragon
  5540 | D:8      | Reached XP level 9. HP: 40/83 MP: 8/8
  5726 | D:8      | Noticed a komodo dragon
  5734 | D:8      | Killed a komodo dragon
  5734 | D:8      | Reached skill level 12 in Axes
  5802 | D:8      | Found a staircase to the Lair.
  5807 | D:8      | Noticed a komodo dragon
  5815 | D:8      | Demolished by a komodo dragon

Vault maps used:
D:1:      wheals_arrival_linesprint
D:2:      amethyst_overflow_temple_binary, serial_park_tiny_1,
          minmay_box_of_dots
D:3:      nicolae_overflow_crystal_walls, uniq_terence
D:4:      first_bread
D:5:      overflow_temple_1_default, kennysheep_mini_moat, temple_doors_e,
          wad_rectangle_vault
D:6:      lemuel_doored_altar, zin_angel, uniq_edmund
D:7:      marbit_many_paths, serial_glass, glass_columns_a, glass_columns_b,
          glass_columns_a, the_bakery, led_sif_pool
D:8:      nicolae_tso_besieged_by_evil, lemuel_coloured_pillars_altar,
          erik_lair_dragon
Temple:   temple_island_7

Skill      XL: |  1  2  3  4  5  6  7  8  9 |
---------------+----------------------------+-----
Axes           | 3 4 5 6 7 9 11 12 | 12.2
Fighting       | 4 5 6 7 9 |  9.5
Armour         | |  3.6
Shields        | |  3.6

Action                   |  1- 3 |  4- 6 |  7- 9 || total
-------------------------+-------+-------+-------++-------
Melee: War axe           |    55 |   169 |    37 ||   261
       Headbutt          |     8 |    23 |    28 ||    59
       Battleaxe         |       |       |   130 ||   130
  Use: Scroll            |       |    11 |     4 ||    15
       Potion            |       |       |     2 ||     2
  Eat: Chunk             |     1 |     7 |     8 ||    16
Armor: Scale mail        |    12 |    61 |    21 ||    94
       Plate armour      |       |       |    89 ||    89
Dodge: Dodged            |    11 |    47 |    44 ||   102
Block: Shield            |    19 |    88 |    24 ||   131
